 Dungeon Crawl Stone Soup version 0.18-a0-987-g0b0e4e7 (webtiles) character file.

233 tof the Ducker (level 5, 0/63 HPs)
             Began as a Demonspawn Monk on Jan 3, 2016.
             Succumbed to an orc wizard's poison
             ... on level 3 of the Dungeon.
             The game lasted 00:09:54 (3754 turns).

tof the Ducker (Demonspawn Monk)                    Turns: 3754, Time: 00:09:54

Health: 0/63       AC: 27    Str: 12    XL:     5   Next: 75%
Magic:  5/5        EV:  2    Int: 11    God:
Gold:   107        SH:  0    Dex: 15    Spells: 0 memorised, 4 levels left

rFire  . . .     SeeInvis .     m - +1 mace (protect)
rCold  . . .     Gourm    .     (armour currently unavailable)
rNeg   + + +     Faith    +     (no shield)
rPois  +         Spirit   .     (helmet currently unavailable)
rElec  .         Dismiss  .     (cloak currently unavailable)
rCorr  .         Reflect  .     (gloves currently unavailable)
SustAt .         Harm     .     (boots currently unavailable)
MR     .....     NoTele   +     x - amulet of faith (curse)
Stlth  ++........               (no ring)
                                (no ring)

@: lethally poisoned (0 -> -6), tree-form, not resistant to hostile
enchantments, unstealthy
A: (claws 0), rough black scales 1, (cold resistance 0), (spiny 0)
a: no special abilities


You were on level 3 of the Dungeon.
You were not hungry.
You were a tree.
You visited 1 branch of the dungeon, and saw 3 of its levels.

You collected 107 gold pieces.

Inventory:

Hand Weapons
 h - a +1 dagger of electrocution
 j - a +1 club
 m - a +1 mace of protection (weapon)
Missiles
 i - 8 javelins (quivered)
Armour
 a - a +0 robe
 k - a +0 leather armour
 u - a +0 chain mail (melded)
Jewellery
 e - an uncursed amulet of guardian spirit
 o - an uncursed ring of flight
 x - a cursed amulet of faith (around neck)
Scrolls
 c - 3 scrolls of enchant armour
 d - a scroll of enchant weapon
 l - a scroll of remove curse
 n - a scroll of amnesia {unknown}
 q - a scroll of teleportation {unknown}
 r - a scroll of blinking {unknown}
 t - a scroll of fear {unknown}
 w - a scroll of recharging {unknown}
Comestibles
 b - a bread ration
 f - 3 chunks of flesh
 g - a beef jerky


   Skills:
 + Level 3.8 Fighting
 + Level 0.3 Short Blades
 + Level 1.3 Maces & Flails
 + Level 2.6 Armour
 + Level 3.9 Dodging
 + Level 1.9 Stealth
 + Level 3.8 Unarmed Combat


You had 4 spell levels left.
You didn't know any spells.

Dungeon Overview and Level Annotations

Branches:
Dungeon (3/15)

Altars:


Innate Abilities, Weirdness & Mutations

((You have sharp fingernails.))
(You are partially covered in rough black scales (AC +4, Dex -1).)
((Your flesh is cold resistant.))
((You are partially covered in sharp spines.))


Message History

* * * LOW HITPOINT WARNING * * *
You feel sick.
You hear some strange, mumbled words.
A puff of flame appears from out of thin air!
The puff of flame hits you! The orc hits you but does no damage.
You hit something.
* * * LOW HITPOINT WARNING * * *
You feel sick. Something hits you but does no damage.
The orc hits you but does no damage.
You barely miss something.
* * * LOW HITPOINT WARNING * * *
You feel sick. Something hits you but does no damage.
The orc hits you but does no damage. Something hits you but does no damage.
You sock something!
Reactivating autopickup.
You feel a bit more experienced.
* * * LOW HITPOINT WARNING * * *
You feel sick. The orc hits you but does no damage.
You swing at nothing.
You die...

# #############
###............
##.#.###########
##.#..### # #.###....# #
##########.#..##.# #
.......o)...#.##.########
.......)♣................
###########.####.........
.# ########. .# #. .. #.
.. #. #. #... #.#.


You could see an orc.

Vanquished Creatures
  3 orc wizards (D:3)
  Robin (D:2)
  3 gnolls (D:2)
  3 adders
  A worm (D:2)
  2 giant geckos
  5 orcs (D:3)
  2 ball pythons (D:2)
  8 bats
  3 giant cockroaches
  9 goblins
  13 hobgoblins
  4 jackals
  A quokka (D:2)
  3 giant newts (D:2)
  8 kobolds
  13 rats
82 creatures vanquished.

Notes
Turn   | Place    | Note
--------------------------------------------------------------
     0 | D:1      | tof the Demonspawn Monk began the quest for the Orb.
     0 | D:1      | Reached XP level 1. HP: 18/18 MP: 1/1
   535 | D:1      | Gained mutation: You are partially covered in rough black scales (AC +4, Dex -1). [demonic ancestry]
   535 | D:1      | Reached XP level 2. HP: 24/24 MP: 2/2
  1332 | D:2      | Gained mutation: You have sharp fingernails. [demonic ancestry]
  1332 | D:2      | Reached XP level 3. HP: 9/29 MP: 1/3
  1953 | D:2      | Reached skill level 1 in Armour
  2592 | D:2      | Gained mutation: Your flesh is cold resistant. [demonic ancestry]
  2592 | D:2      | Reached XP level 4. HP: 23/36 MP: 4/4
  3066 | D:2      | Noticed Robin
  3091 | D:2      | Killed Robin
  3411 | D:2      | Reached skill level 1 in Maces & Flails
  3633 | D:3      | Gained mutation: You are partially covered in sharp spines. [demonic ancestry]
  3633 | D:3      | Reached XP level 5. HP: 42/42 MP: 5/5
  3751 | D:3      | HP: 3/63 [poisoned by an orc wizard]
  3753 | D:3      | HP: 1/63 [poisoned by an orc wizard]
  3754 | D:3      | Succumbed to an orc wizard's poison

Vault maps used:
D:1:      tarquinn_simple_flora_water_a
D:2:      small_statue_intersection, grunt_ministairs_9, uniq_robin
D:3:      roderic_lattice_a, minmay_misc_feat_tiny, uniq_terence

Action                   |  1- 3 |  4- 6 || total
-------------------------+-------+-------++-------
Melee: Unarmed           |    26 |       ||    26
       Club              |   199 |       ||   199
       Dagger            |    16 |    58 ||    74
       Mace              |       |    84 ||    84
  Use: Scroll            |     4 |       ||     4
       Potion            |     3 |     2 ||     5
 Stab: Sleeping          |     3 |       ||     3
  Eat: Chunk             |     6 |     4 ||    10
